 Dungeon Crawl Stone Soup version 0.18.1-50-g88ac8fd (webtiles) character file.

88 epen the Insei (level 4, -2/33 HPs)
             Began as a Merfolk Monk on Sept 15, 2016.
             Slain by a crocodile (11 damage)
             ... in a sewer.
             The game lasted 00:03:23 (1974 turns).

epen the Insei (Merfolk Monk)                       Turns: 1974, Time: 00:03:24

Health: -2/33      AC:  2    Str: 11    XL:     4   Next: 54%
Magic:  4/4        EV: 15    Int:  9    God:
Gold:   76         SH:  0    Dex: 17    Spells: 0 memorised, 3 levels left

rFire  . . .     SeeInvis .       - Unarmed
rCold  . . .     Gourm    .     a - +1 robe
rNeg   + . .     Faith    .     (no shield)
rPois  +         Spirit   .     (no helmet)
rElec  .         Dismiss  .     (no cloak)
rCorr  .         Reflect  .     (no gloves)
SustAt .         Harm     .     (no boots)
MR     .....                    (no amulet)
Stlth  ++........               h - ring of poison resistance
                                c - ring of positive energy

@: not resistant to hostile enchantments, unstealthy
A: change form in water, swift swim, blurry vision 1, deformed body, frail 1
a: no special abilities


You were in a sewer.
You were not hungry.

You visited 1 branch of the dungeon, and saw 3 of its levels.
You also visited: Sewer.

You collected 76 gold pieces.

Inventory:

Armour
 a - a +1 robe (worn)
Jewellery
 c - a ring of positive energy (left hand)
 h - a ring of poison resistance (right hand)
Scrolls
 d - 2 scrolls of remove curse
 e - 3 scrolls of identify
Potions
 i - 2 potions of curing
 k - a potion of berserk rage
 m - a potion of magic {unknown}
 n - 2 potions of heal wounds {unknown}
Comestibles
 b - 2 bread rations
 f - a meat ration
 j - 2 beef jerkies


   Skills:
 + Level 3.8 Fighting
 + Level 4.6 Dodging
 - Level 2.1 Stealth
 * Level 5.7 Unarmed Combat


You had 3 spell levels left.
You didn't know any spells.

Dungeon Overview and Level Annotations

Branches:
Dungeon (3/15)

Altars:


Innate Abilities, Weirdness & Mutations

You revert to your normal form in water.
You are very nimble and swift while swimming.
Scrolls take you a little longer to read.
Armour fits poorly on your strangely shaped body.
You are frail (-10% HP).


Message History

Found a scroll of blinking and 35 gold pieces.
You aren't carrying any items that you can evoke.
You aren't carrying any items that you can evoke.
Read which item? (? for menu, Esc to quit)
Okay, then.
Read which item? (? for menu, Esc to quit)
You begin reading the scroll.
You continue reading the scroll.
As you read the scroll labeled NOIMORE PEOX, it crumbles to dust.
It is a scroll of enchant weapon.
You aren't carrying any weapons that can be enchanted.
Found four items.
The crocodile bites you!
Ouch! That really hurt!
The crocodile barely misses you.
Your legs become a tail as you enter the water.
The crocodile bites you!
* * * LOW HITPOINT WARNING * * *
You see here a bat skeleton.
The crocodile bites you!
You die...

##.## ##.∩.##
##.....## #...≈...#
#..≈≈≈..# #.≈÷≈÷≈.#
#..≈≈≈..# #...t...#
##..@..## ##...##
##.## #.# #.# #######
#.# ##.....## #.#
#$......# #.#
#?$.....####.########


You could see a crocodile.

Vanquished Creatures
  2 adders (D:2)
  2 oozes
  A worm (D:3)
  2 dart slugs
  2 giant geckos
  An orc (D:3)
  2 giant cockroaches
  5 goblins
  6 hobgoblins
  4 jackals
  2 ball pythons (D:3)
  9 bats
  3 giant newts
  4 kobolds (D:1)
  8 rats
53 creatures vanquished.

Notes
Turn   | Place    | Note
--------------------------------------------------------------
     0 | D:1      | epen the Merfolk Monk began the quest for the Orb.
     0 | D:1      | Reached XP level 1. HP: 18/18 MP: 1/1
   258 | D:1      | Reached XP level 2. HP: 23/24 MP: 2/2
   693 | D:1      | Reached skill level 5 in Unarmed Combat
   701 | D:1      | Reached XP level 3. HP: 25/29 MP: 3/3
  1105 | D:2      | Reached XP level 4. HP: 37/37 MP: 4/4
  1234 | D:3      | Gained mutation: Armour fits poorly on your strangely shaped body. [potion of mutation]
  1234 | D:3      | Gained mutation: Scrolls take you a little longer to read. [potion of mutation]
  1234 | D:3      | Gained mutation: You are frail (-10% HP). [potion of mutation]
  1656 | D:3      | Found a glowing drain.
  1662 | Sewer    | Entered a sewer
  1918 | Sewer    | Noticed a crocodile
  1974 | Sewer    | Slain by a crocodile

Skill      XL: |  1  2 |
---------------+-------+-----
Unarmed Combat | 5 |  5.7
Fighting       | |  3.8
Dodging        | |  4.6
Stealth        | |  2.1

Action                   |  1- 3 |  4- 6 || total
-------------------------+-------+-------++-------
Melee: Unarmed           |    80 |    92 ||   172
       Punch             |     4 |     2 ||     6
  Use: Scroll            |       |    11 ||    11
       Potion            |       |     1 ||     1
 Stab: Sleeping          |     7 |     2 ||     9
  Eat: Chunk             |     1 |     2 ||     3
Armor: Robe              |    10 |    21 ||    31
Dodge: Dodged            |    65 |   105 ||   170
